AoeStats
← manfred_da_pig

African Clearing

510720061Analyzed
2v2 RM · 16h ago on Oct 2, 2026· 47m 30s· 4 players
Game mode
Random Map
Map size
Medium (4 player)
Population
200
Speed
Normal
Resources
Standard
Victory
Conquest
Starting age
Dark Age
Ending age
Imperial Age
RankedLock teamsTeams togetherTeam positionsShared explorationLock speedFull tech treeHidden civsTurbo modeCheats
Victory
Defeat
🇩🇪 Koreans · Germany
1489
+16
🇩🇪 Mongols · Germany
1401
+19
1523
-19
🇩🇪 Huns · Germany
1449
-16
aswjegk
10:44 Feudal Age
13:03 Double-Bit Axe
15:16 Scale Barding Armor
15:29 Bloodlines
15:27 Horse Collar
20:57 Castle Age
24:02 Loom
30:32 Heavy Plow
31:40 Bow Saw
36:48 Fletching
37:06 Stone Mining
37:10 Gold Mining
37:40 Bodkin Arrow
38:35 Ballistics
38:39 Padded Archer Armor
39:12 Thumb Ring
39:30 Masonry
40:03 Leather Archer Armor
41:38 Wheelbarrow
40:48 Town Watch
44:54 Imperial Age
43:39 Murder Holes
44:22 Scale Mail Armor
44:32 Forging
44:42 Chain Barding Armor
44:34 Fortified Wall
44:14 Guard Tower
44:55 Capped Ram
45:57 Drill
46:23 Stone Shaft Mining
46:24 Gold Shaft Mining
45:53 Siege Ram
manfred_da_pig
3:17 Loom
13:42 Feudal Age
15:03 Double-Bit Axe
18:05 Castle Age
16:52 Fletching
18:02 Stone Mining
18:06 Gold Mining
19:27 Bow Saw
21:35 Bodkin Arrow
24:19 Town Watch
31:53 Wheelbarrow
32:38 Ballistics
38:48 Horse Collar
40:47 Hand Cart
41:53 Heavy Plow
42:16 Town Patrol
47:15 Murder Holes
49:58 Imperial Age
Aqua
3:44 Loom
12:10 Feudal Age
23:53 Double-Bit Axe
24:39 Horse Collar
31:57 Castle Age
31:05 Fletching
31:41 Padded Archer Armor
32:00 Elite Skirmisher
♡ Laborchef Dr. Laugenmäusken
9:59 Loom
12:31 Feudal Age
13:43 Town Watch
14:07 Double-Bit Axe
16:31 Castle Age
14:40 Scale Mail Armor
18:06 Chain Mail Armor
20:20 Gambesons
21:24 Wheelbarrow
22:19 Forging
24:02 Squires
25:10 Arson
36:52 Horse Collar
37:36 Bow Saw
42:29 Imperial Age
41:36 Fletching
43:44 Plate Mail Armor
43:04 Capped Ram
44:16 Capped Ram
Connection lost

Rejoining the realm…

Still unreachable

The connection could not be restored.

Session expired

The server has moved on; the page needs a fresh start.